Unix NetHack Version 3.7.0-102 Work-in-progress - last build Apr 6 2024 13:22:21 (d302a6a9ff6341f1a922d8f5af178406b35fdf99,branch:master). Game began 2024-04-19 15:24:26, ended 2024-04-20 10:58:32. eckythump, neutral male human Tourist ----- |...| ----------- +...| |.........| |...| #-.......>.| ------ |.... #|......^..+ ##.....| |...| ------ #---------.- # |....| -|--- ----- |....| # ## # |..{.-# # ##....| |.....# # ################.....|############### |..)| |....|# # ## # # ------# # # ##....| |..<.|# # # # ######## # ### ----- ------# ---------# #### ####%# # # # |.......|# # ## # # #)##|.<......# ## # # -.--- #-.......| ----------|-# # |...| |...tj..@@#######-.........)-# #%....| --------- |........`.| |...| ------------ ----- Eckythump the Peregrinator St:18/03 Dx:16 Co:17 In:13 Wi:16 Ch:15 Neutral S:101259 Dlvl:9 $:0 HP:0(133) Pw:61(61) AC:10 Xp:13/43946 T:24255 Fainted Deaf Latest messages: The lurker above misses the sergeant. What do you want to use or apply? [bghklrsxGIJMOPR or ?*] s In what direction? u Status of the sergeant (chaotic, medium): Level 9 HP 25(34) AC 3. The sergeant swings her mace. The sergeant hits! The sergeant swings her mace. The sergeant hits! The lurker above misses the sergeant. The lurker above misses the sergeant. You are bare handed. N - the rustproof +5 Mjollnir (alternate weapon; not wielded). You begin bashing monsters with your bare hands. You hit the sergeant. What do you want to use or apply? [bghklrsxGIJMOPR or ?*] s In what direction? u Status of the sergeant (chaotic, medium): Level 9 HP 21(34) AC 3. You hit the sergeant. The sergeant swings her mace. The sergeant hits! What do you want to use or apply? [bghklrsxGIJMOPR or ?*] s In what direction? u Status of the sergeant (chaotic, medium): Level 9 HP 17(34) AC 3. You hit the sergeant! You materialize in a different location! Are you waiting to get hit? Use 'm' prefix to force a no-op (to rest). Are you waiting to get hit? Use 'm' prefix to force a no-op (to rest). Pick an object. You are bare handed. What do you want to wield? [- ahrtN or ?*] ? You secure the tether. t - a rustproof +4 aklys (tethered to right hand). The baby blue dragon bites! You hit the baby blue dragon! You hit the baby blue dragon! The baby blue dragon bites! You hit the baby blue dragon! You hit the baby blue dragon! The baby blue dragon bites! You hit the baby blue dragon! You kill the baby blue dragon! You faint from lack of food. The sergeant swings her mace. The sergeant hits! The sergeant swings her mace. The sergeant hits! The sergeant swings her mace. The sergeant hits! You die... Do you want your possessions identified? [ynq] (y) q Inventory: Amulets C - an uncursed amulet of reflection (being worn) Weapons a - 26 poisoned +2 darts (at the ready) t - a rustproof +4 aklys (tethered to right hand) N - the rustproof +5 Mjollnir (alternate weapon; not wielded) Armor c - an uncursed rusty +0 helm of telepathy S - an uncursed fireproof +0 pair of leather gloves W - an uncursed +0 pair of elven boots Y - an uncursed +0 elven shield y - a blessed fireproof +4 cloak of magic resistance X - an uncursed +0 dwarvish mithril-coat Rings U - an uncursed ring of fire resistance (on right hand) q - an uncursed ring of free action (on left hand) Wands I - a wand of digging (0:1) G - a wand of fire (0:0) J - a wand of probing (0:2) R - a wand of speed monster (0:6) O - a wand of teleportation (0:2) Tools b - a blessed greased bag of holding containing 101 items l - an expensive camera (0:88) M - a magic marker (0:73) x - an uncursed oil lamp r - a rusty +0 pick-axe k - an uncursed skeleton key s - an uncursed stethoscope P - an uncursed towel h - a blessed +0 unicorn horn Gems/Stones K - an uncursed luckstone g - a blessed touchstone Contents of the bag of holding: 5060 gold pieces a cursed -1 pair of gauntlets of fumbling an uncursed +0 pair of jumping boots an uncursed +1 pair of water walking boots an uncursed slime mold 3 uncursed apples an uncursed banana an uncursed carrot an uncursed eucalyptus leaf 3 uncursed food rations an uncursed lembas wafer an uncursed pear 2 uncursed giant spider eggs 3 uncursed eggs an uncursed lichen corpse 2 uncursed lizard corpses an uncursed scroll of destroy armor a cursed scroll of destroy armor an uncursed scroll of light 2 uncursed scrolls of amnesia a cursed scroll of amnesia a blessed scroll of blank paper 6 uncursed scrolls of blank paper an uncursed scroll of confuse monster a blessed scroll of create monster an uncursed scroll of earth a cursed scroll of earth 2 uncursed scrolls of fire 2 uncursed scrolls of food detection a blessed scroll of gold detection 2 uncursed scrolls of gold detection an uncursed scroll of identify a cursed scroll of identify a blessed scroll of magic mapping 3 uncursed scrolls of magic mapping a cursed scroll of magic mapping 2 blessed scrolls of remove curse 3 uncursed scrolls of remove curse a cursed scroll of remove curse an uncursed scroll of stinking cloud a blessed scroll of teleportation an uncursed scroll of teleportation an uncursed spellbook of confuse monster an uncursed spellbook of extra healing a cursed potion of gain energy an uncursed potion of levitation an uncursed potion of confusion a blessed potion of booze 2 uncursed potions of booze an uncursed potion of full healing an uncursed potion of gain ability an uncursed potion of gain level 6 uncursed potions of healing a blessed potion of healing 2 cursed potions of invisibility an uncursed potion of invisibility an uncursed potion of object detection a cursed potion of paralysis an uncursed potion of paralysis 5 potions of holy water 2 uncursed potions of water a cursed ring of polymorph an uncursed ring of cold resistance an uncursed ring of free action a cursed -3 ring of increase damage an uncursed ring of polymorph control an uncursed ring of searching an uncursed ring of searching an uncursed ring of see invisible an uncursed ring of warning a wand of cold (0:4) a wand of cold (0:5) a wand of create monster (0:10) a wand of create monster (0:14) a wand of create monster (0:15) a wand of digging (0:6) a wand of digging (0:0) a wand of fire (0:3) a wand of light (0:14) a wand of light (0:14) a cursed wand of locking (0:6) a wand of magic missile (0:6) a wand of slow monster (0:4) a wand of slow monster (0:2) a wand of striking (0:4) a wand of striking (0:4) a wand of undead turning (0:4) a wand of undead turning (0:4) an empty uncursed sack a magic marker (0:20) 2 uncursed agate stones an uncursed amethyst stone an uncursed aquamarine stone an uncursed chrysoberyl stone an uncursed citrine stone 2 uncursed diamonds 3 uncursed emeralds an uncursed jasper stone an uncursed jet stone 2 uncursed rubies an uncursed sapphire Eckythump the Tourist's attributes: Background: You were a Peregrinator, a level 13 male human Tourist. You were neutral, on a mission for The Lady who was opposed by Blind Io (lawful) and Offler (chaotic). You were right-handed. You were in the Dungeons of Doom, on level 9. You entered the dungeon 24255 turns ago. You had 43946 experience points, 36054 more were needed to attain level 14. Your score was 101259 before end-of-game adjustments. Basics: You had 0 out of 133 hit points. You had all 61 energy points (spell power). Your armor class was 10. Your wallet was empty, but you had 5060 zorkmids stashed away in your pack. Autopickup was off. Final Characteristics: Your strength was 18/03 (base:18/04, limit:18/100). Your dexterity was 16 (limit:18). Your constitution was 17 (limit:18). Your intelligence was 13 (limit:18). Your wisdom was 16 (limit:18). Your charisma was 15 (limit:18). Final Status: You were deaf. You were fainted due to starvation. You were unencumbered. You were wielding a club. You had no skill with club. You weren't wearing any armor. Final Attributes: You were piously aligned. You were fire resistant. Your items were protected from fire. You were cold resistant. You were sleep resistant. You were poison resistant. You were telepathic. You had automatic searching. You could teleport. You were fast. You had reflection. You had free action. You were extremely lucky. You had extra luck. Bad luck did not time out for you. Good luck did not time out for you. You are dead. Miscellaneous: You encountered 1 bones level. Total elapsed playing time was 8 hours, 38 minutes and 51 seconds. Major events: Turn 1: eckythump the neutral male human Tourist entered the dungeon 779: attained the rank of Sightseer (level 3) 2226: was bestowed with Mjollnir by The Lady 2294: entered the Gnomish Mines 2884: attained the rank of Excursionist (level 6) 2884: destroyed nabru's ghost, the former Thaumaturge 3559: was bestowed with Ogresmasher by The Lady 5410: reached Mine Town 6916: acquired the Mines' End luckstone 8410: entered Sokoban 8704: completed 1st Sokoban level 9094: completed 2nd Sokoban level 9461: completed 3rd Sokoban level 10372: completed 4th Sokoban level 11110: attained the rank of Peregrinator (level 10) 11450: acquired the Sokoban amulet of reflection 19343: made his first wish - "blessed greased fixed bag of holding", got "a greased bag" 24255: killed by a sergeant, while fainted from lack of food Vanquished creatures: a displacer beast a titanothere an ettin 4 black puddings a vampire 2 ghosts a winged gargoyle 2 giant mimics a zruty an ogre tyrant an umber hulk an elven monarch 3 large mimics a wumpus a stalker 2 black nagas 2 xorns 4 giant zombies 3 elf-nobles a water demon 4 wargs a winter wolf 3 small mimics 2 xans an ettin mummy a quantum mechanic a troll a wood golem 4 gelatinous cubes 3 large dogs 5 freezing spheres 3 flaming spheres a large cat 3 gargoyles a dwarf ruler 4 tengu 3 ochre jellies a leocrotta a mountain centaur an elf mummy a human mummy a red naga a pit viper 7 wraiths 2 carnivorous apes 2 ettin zombies a leather golem a Grey-elf 3 amorous demons 5 chameleons a crocodile 5 giant beetles a quivering blob a cockatrice 15 wolves 8 winter wolf cubs a lynx a panther 3 gremlins a spotted jelly 14 leprechauns an orc-captain an iron piercer 2 mumakil 21 giant spiders a scorpion a horse an ice vortex a baby long worm 3 black lights a vampire bat 9 forest centaurs 2 gnome rulers 2 orc mummies a dwarf mummy 3 brown puddings a rust monster 2 owlbears 2 yetis 2 gold golems 7 Green-elves 6 lizards 3 dingoes a dog 7 jaguars 2 dwarf leaders 2 blue jellies 2 white unicorns 5 dust vortices a raven 2 plains centaurs 6 gnome mummies 3 snakes 8 water moccasins 5 apes 5 human zombies a rope golem 5 Woodland-elves a soldier ant 2 wood nymphs 2 water nymphs an orc shaman 3 rock piercers a rock mole a pony 2 fog clouds 4 yellow lights 3 shriekers 2 violet fungi 15 gnome leaders a gnomish wizard 2 kobold mummies 10 elf zombies 4 straw golems 3 paper golems 11 giant ants 2 little dogs 8 floating eyes a kitten 20 dwarves 2 homunculi 3 kobold leaders a kobold shaman 24 hill orcs 20 rothes a rabid rat 3 centipedes a giant bat 3 monkeys 3 orc zombies 2 dwarf zombies 2 wererats 12 iguanas 24 killer bees 2 acid blobs 7 coyotes 5 gas spores 6 hobbits 12 manes 3 large kobolds 2 hobgoblins 9 giant rats 12 cave spiders a brown mold a yellow mold 2 green molds a red mold 53 gnomes 3 garter snakes 4 gnome zombies 10 geckos 7 jackals 2 foxes 4 kobolds 5 goblins a sewer rat 8 grid bugs a bat 13 lichens 4 kobold zombies 16 newts 675 creatures vanquished. No species were genocided or became extinct. Voluntary challenges: You read items or engraved 42 times. You never engraved Elbereth. You never genocided any monsters. You never polymorphed an object. You never changed form. You used 1 wish. You did not wish for any artifacts. You did not violate any of the special Sokoban rules. Achievements: You attained the rank of Sightseer. You entered a shop. You entered the Gnomish Mines. You attained the rank of Excursionist. You entered Minetown. You entered a temple. You completed the Gnomish Mines. You entered Sokoban. You attained the rank of Peregrinator. You completed Sokoban. The Dungeons of Doom: levels 1 to 23 Level 1: "$" A fountain. Level 2: An altar to The Lady, a sink. Stairs down to The Gnomish Mines. Level 3: A potion shop, a fountain. Level 4: A fountain. Level 5: Some fountains. Level 6: A grave. Level 7: Some fountains, a grave. Level 8: "oracle" Many fountains. Oracle of Delphi. Level 9: <- You were here. A fountain. Stairs up to Sokoban, level 8. Final resting place for you, killed by a sergeant, while fainted from lack of food. Level 10: A fountain, a sink, a grave. Level 11: A fountain. Level 12: A fountain. Level 13: A fountain. Level 14: A fountain, a grave. Summoned by Twoflower. Portal to The Quest. Level 15: A primitive area. Level 16: A sink. Level 17: A fountain, a grave. Level 18: A grave. Level 19: Level 20: Level 21: Some altars to The Lady. Level 22: A fountain, a grave. Level 23: The Gnomish Mines: levels 3 to 10 Level 3: Level 4: Level 5: A grave. Final resting place for nabru-Wiz-Elf-Fem-Cha, killed by a crossbow bolt. Level 6: A temple and an altar to The Lady, some fountains, some trees. Level 7: Level 8: Level 9: Level 10: Some fountains. The Quest: Level 1: Many graves. Home. Sokoban: levels 8 up to 5 Level 5: Solved. Level 6: Solved. Level 7: Solved. Level 8: Solved. Game over: ---------- / \ / REST \ / IN \ / PEACE \ / \ | eckythump | | 5060 Au | | killed by a | | sergeant | | | | | | 2024 | *| * * * | * _________)/\\_//(\/(/\)/\//\/|_)_______ Aloha eckythump the Tourist... You died in The Dungeons of Doom on dungeon level 9 with 100830 points, and 5060 pieces of gold, after 24255 moves. You were level 13 with a maximum of 133 hit points when you died.